 Dungeon Crawl Stone Soup version 0.19-a0-376-gf780d9b (webtiles) character file.

78092 Kidiri the Arsonist (level 15, -1/85 (86) HPs)
             Began as a Deep Elf Fire Elementalist on May 30, 2016.
             Was a High Priest of Vehumet.
             Slain by an eight-headed hydra (16 damage)
             ... on level 7 of the Lair of Beasts.
             The game lasted 02:11:55 (33588 turns).

Kidiri the Arsonist (Deep Elf Fire Elementalist)   Turns: 33588, Time: 02:11:56

HP:   -1/85 (86)    AC: 16    Str:  5    XL:     15   Next: 17%
MP:   2/32          EV: 17    Int: 33    God:    Vehumet [*****.]
Gold: 1411          SH:  4    Dex: 15    Spells: 9 memorised, 4 levels left

rFire  . . .     SeeInvis .     o - +9 dagger (drain)
rCold  + . .     Gourm    .     E - +3 leather armour {rC+}
rNeg   . . .     Faith    .     (no shield)
rPois  +         Spirit   .     (helmet restricted)
rElec  .         Dismiss  .     J - +2 cloak {rPois}
rCorr  .         Reflect  +     d - +2 pair of gloves
SustAt +         Harm     .     i - +2 pair of boots
MR     +....                    B - +4 amulet of reflection
Stlth  ++........               Y - ring of sustain attributes
                                h - +4 ring of intelligence

@: very slightly contaminated, repel missiles, somewhat resistant to hostile
enchantments, unstealthy
A: beak, clever 1, deterioration 1
a: Renounce Religion


You were on level 7 of the Lair of Beasts.
You worshipped Vehumet.
Vehumet was extremely pleased with you.
You were very hungry.

You visited 3 branches of the dungeon, and saw 23 of its levels.
You also visited: Ossuary.

You collected 1844 gold pieces.
You spent 433 gold pieces at shops.

Inventory:

Hand Weapons
 o - a +9 dagger of draining (weapon)
Missiles
 q - a throwing net (quivered)
Armour
 d - a +2 pair of gloves (worn)
 i - a +2 pair of boots (worn)
 E - a +3 leather armour of cold resistance (worn)
 J - a +2 cloak of poison resistance (worn)
 U - a +2 shield of protection
Magical Staves
 x - an uncursed staff of air
 O - an uncursed staff of fire
Jewellery
 h - a +4 ring of intelligence (left hand)
 n - an uncursed ring of fire
 w - an uncursed ring of protection from magic
 B - a +4 amulet of reflection (around neck)
 G - an uncursed amulet of magic regeneration
 Y - a ring of sustain attributes (right hand)
Wands
 a - a wand of teleportation (6/9)
 e - a wand of lightning (6/15)
 l - a wand of confusion (29/48)
 t - a wand of iceblast (8/15)
 D - a wand of iceblast (6/15)
 F - a wand of teleportation (2/9)
 P - a wand of iceblast (4/15)
 Q - a wand of flame (40/48)
 T - a wand of polymorph (15/24)
Scrolls
 c - 7 scrolls of teleportation
 y - 3 scrolls of recharging
 A - 2 scrolls of magic mapping
 K - a scroll of fear
 R - a scroll of remove curse
Potions
 g - 4 potions of haste
 k - 3 potions of curing
 m - a potion of brilliance
 p - 2 potions of invisibility
 u - 3 potions of flight
 z - a potion of resistance
 M - 4 potions of might
 N - 2 potions of heal wounds
 S - 2 potions of agility
Books
 r - a book of the Tempests

   Spells                             Type                      Level
   a - Static Discharge               Conjuration/Air              3
   b - Lightning Bolt                 Conjuration/Air              5
   c - Fireball                       Conjuration/Fire             5
   d - Tornado                        Air                          9
   e - Shatter                        Earth                        9
 v - a book of Annihilations

   Spells                             Type                      Level
   a - Poison Arrow                   Conjuration/Poison           6
   b - Chain Lightning                Conjuration/Air              8
   c - Lehudib's Crystal Spear        Conjuration/Earth            8
   d - Glaciate                       Conjuration/Ice              9
   e - Fire Storm                     Conjuration/Fire             9
Comestibles
 j - 12 meat rations
 C - 4 bread rations


   Skills:
 + Level 7.3 Fighting
 - Level 8.0 Short Blades
 + Level 7.4 Armour
 - Level 10.2 Dodging
 - Level 2.4 Stealth
 + Level 2.5 Shields
 + Level 11.9 Spellcasting
 + Level 9.8 Conjurations
 * Level 13.8 Fire Magic
 * Level 9.2 Air Magic
 + Level 9.1 Evocations


You had 4 spell levels left.
You knew the following spells:

 Your Spells              Type           Power        Failure   Level  Hunger
a - Flame Tongue          Conj/Fire      #####        1%          1    None
c - Conjure Flame         Conj/Fire      #######.     1%          3    None
d - Inner Flame           Hex/Fire       ######..     1%          3    None
e - Sticky Flame          Conj/Fire      #######.     1%          4    None
f - Fireball              Conj/Fire      #######...   1%          5    #......
g - Repel Missiles        Chrm/Air       ######       1%          2    None
i - Bolt of Draining      Conj/Necr      ######....   4%          5    #......
j - Airstrike             Air            ######....   1%          4    None
k - Bolt of Fire          Conj/Fire      #######...   1%          6    ####...


Dungeon Overview and Level Annotations

Branches:
Dungeon (15/15)            Temple (1/1) D:6            Lair (7/8) D:10
 Shoals (0/4) Lair:4        Snake (0/4) Lair:3        Slime (0/6) Lair:6
    Orc (0/2) D:12         Vaults (0/5) D:14
 Depths: D:15

Altars:
Ashenzari
Cheibriados
Dithmenos
Elyvilon
Fedhas
Gozag
Hepliaklqana
Kikubaaqudgha
Makhleb
Nemelex Xobeh
Okawaru
Pakellas
Qazlal
Ru
Sif Muna
Trog
Ukayaw
Vehumet
Xom
Yredelemnul
Zin
The Shining One

Shops:
D:4 %   D:5 }?*   D:9 ?   D:12 (

Annotations:
D:6 tstbtto's ghost, novice MiCK


Innate Abilities, Weirdness & Mutations

You have a beak for a mouth.
Your mind is acute. (Int +2)
Your body sometimes deteriorates upon taking damage.


Message History

The eight-headed hydra burns!
The eight-headed hydra burns!
The eight-headed hydra burns!
The eight-headed hydra burns!
The eight-headed hydra stops burning.
The yak gores the plant but does no damage.
Casting: Sticky Flame
Confirm with . or Enter, or press ? or * to list all spells.
Aiming: Sticky Flame
Press: ? - help, Shift-Dir - straight line, f - river rat, p - eight-headed hydra
Aim: a river rat (hasn't noticed you)
The sticky flame hits the river rat.
You kill the river rat!
Vehumet accepts your kill.
The eight-headed hydra barely misses you.
The eight-headed hydra bites you. x2
* * * LOW HITPOINT WARNING * * *
The eight-headed hydra bites you!
* * * LOW HITPOINT WARNING * * *
The eight-headed hydra misses you. The eight-headed hydra bites you!
You die...

####.##.....## ##P####..# ###
.# ###.#...## ###...†.#### .#
#.#.r..## ###...†.##..# .#
###...#.# #...rY.....# Y#
#P....# #.#.r....### ##
##.P.P### ##.......##
Y#########...#.### ##...<..P#
.#...PP###rY##...###.......###
.#........YF.YYD@.........>#.#
...P..#.Y##..PP..##...†.†...##
.#..#.####....####.#.........#
###..## ##..#.# ####......###
# #### #.....# #.......P# #
###..## ##.......# #...
#.......## #.... ##....P### #.
##......#


You could see an eight-headed hydra, 3 elephants, a yak, a spiny frog and a
river rat.

Vanquished Creatures
  Rupert (Lair:3)
  Frances (D:13)
  Donald (D:13)
  Nessos (D:13)
  Snorg (Lair:3)
  6 hydras
  An ice dragon (Lair:3)
  2 centaur warriors (D:13)
  6 death yaks (Lair:7)
  A tengu warrior (D:14)
  Urug (D:10)
  Sonja (Lair:3)
  Nergalle (D:10)
  A skeletal warrior (D:14)
  An unseen horror (D:12)
  3 hill giants
  4 orc knights
  Pikel (D:7)
  An ugly thing (D:11)
  2 griffons
  A manticore (D:15)
  A hornet (D:14)
  An orc sorcerer (D:14)
  9 elephants (Lair:7)
  3 cyclopes
  The ghost of tstbtto the Chopper, a novice MiCK of Xom (D:5)
  Maurice (D:8)
  Joseph (D:10)
  A torpor snail (Lair:4)
  11 spiny frogs
  2 gargoyles
  12 komodo dragons
  6 rime drakes
  A yaktaur (D:15)
  A freezing wraith (D:15)
  The ghost of tstbtto the Chopper, an amateur MiCK of Xom (D:3)
  A tengu conjurer (D:14)
  2 trolls
  A queen bee (D:9)
  A polar bear (Lair:2)
  23 blink frogs
  9 slime creatures
  A raiju (shapeshifter) (D:13)
  A snapping turtle (Lair:4)
  46 yaks
  A spriggan (Lair:2)
  A shadow (D:13)
  2 wraiths
  6 wyverns
  16 humans
  7 basilisks
  A hog (shapeshifter) (D:14)
  11 hippogriffs
  3 vampire mosquitoes (D:12)
  3 hungry ghosts
  A soldier ant (D:12)
  A naga (Lair:3)
  10 water moccasins
  13 porcupines
  8 orc warriors
  A slave (D:7)
  9 ice beasts
  4 sky beasts
  A wasp (D:14)
  2 black bears
  4 necrophages
  8 ogres
  5 phantoms
  7 centaurs
  19 wolves
  13 crocodiles
  19 giant frogs
  A gnoll sergeant (D:7)
  A water moccasin zombie (D:11)
  2 wyvern skeletons
  2 scorpions
  A water moccasin skeleton (D:7)
  18 killer bees
  7 howler monkeys
  13 wights
  An electric eel (Lair:3)
  A giant frog zombie (D:8)
  A quasit (D:9)
  4 centaur zombies
  11 crimson imps
  A giant frog skeleton (D:13)
  6 hounds
  7 orc priests
  A gnoll shaman (D:6)
  A human zombie (Ossuary)
  7 jellies
  6 centaur skeletons
  6 iguanas
  13 orc wizards
  16 worker ants
  30 sheep
  3 big kobold zombies (Ossuary)
  2 hound skeletons
  4 mummies (Ossuary)
  2 worker ant zombies (D:8)
  11 gnolls
  11 adders
  A howler monkey skeleton (D:4)
  17 river rats
  3 shadow imps
  5 oozes
  An adder skeleton (D:7)
  5 worms
  3 dart slugs
  5 giant geckos
  45 orcs
  A ball python (D:2)
  12 bats
  4 giant cockroaches
  9 goblins
  10 hobgoblins
  19 jackals
  4 quokkas
  5 giant newts
  A gnoll zombie (Ossuary)
  11 kobolds
  10 rats
  A butterfly (D:11)
  A plant (Lair:7)
714 creatures vanquished.

Vanquished Creatures (collateral kills)
  An adder (D:9)
1 creature vanquished.

Vanquished Creatures (others)
  A slave (D:7)
  A giant frog (Lair:6)
  An orc (D:7)
  11 fungi
  9 plants
23 creatures vanquished.

Grand Total: 738 creatures vanquished

Notes
Turn   | Place    | Note
--------------------------------------------------------------
     0 | D:1      | Kidiri the Deep Elf Fire Elementalist began the quest for the Orb.
     0 | D:1      | Reached XP level 1. HP: 10/10 MP: 6/6
   143 | D:1      | Reached XP level 2. HP: 15/15 MP: 6/8
   147 | D:1      | Learned a level 2 spell: Throw Flame
   173 | D:1      | Reached skill level 4 in Fire Magic
   461 | D:1      | Reached XP level 3. HP: 14/19 MP: 1/9
   492 | D:1      | Learned a level 3 spell: Conjure Flame
   969 | D:1      | Learned a level 3 spell: Inner Flame
  1316 | D:2      | Reached XP level 4. HP: 24/24 MP: 5/11
  2356 | D:2      | Found an opulent altar of Gozag.
  2533 | D:2      | Reached skill level 5 in Fire Magic
  2872 | D:3      | Reached XP level 5. HP: 28/28 MP: 0/13
  2899 | D:3      | Noticed tstbtto's ghost (amateur MiCK)
  3257 | D:1      | You fall through a shaft!
  3681 | D:3      | Killed tstbtto's ghost
  3681 | D:3      | Reached skill level 1 in Fighting
  3681 | D:3      | Reached skill level 1 in Short Blades
  3681 | D:3      | Reached skill level 1 in Armour
  3681 | D:3      | Reached XP level 6. HP: 34/34 MP: 0/15
  3687 | D:3      | Learned a level 4 spell: Sticky Flame
  4701 | D:4      | Found Geaduats's Food Shop.
  4805 | D:4      | Reached XP level 7. HP: 38/38 MP: 7/16
  4832 | D:4      | Reached skill level 5 in Spellcasting
  4832 | D:4      | Reached skill level 6 in Fire Magic
  5286 | D:5      | Entered Level 5 of the Dungeon
  5286 | D:5      | Found a burning altar of Makhleb.
  5510 | D:5      | Noticed tstbtto's ghost (novice MiCK)
  5714 | D:5      | Found Aruph's Gadget Shop.
  6036 | D:5      | Found Foezac's Magic Scroll Boutique.
  6040 | D:5      | Bought a scroll of identify for 24 gold pieces
  6040 | D:5      | Bought a scroll of identify for 24 gold pieces
  6040 | D:5      | Bought a scroll of enchant weapon for 90 gold pieces
  6040 | D:5      | Bought a scroll of recharging for 114 gold pieces
  6040 | D:5      | Bought a scroll of identify for 24 gold pieces
  6232 | D:5      | Found Bueqad's General Store.
  6608 | D:5      | Reached XP level 8. HP: 44/44 MP: 12/18
  6615 | D:5      | Learned a level 5 spell: Fireball
  6717 | D:5      | Killed tstbtto's ghost
  6717 | D:5      | Reached skill level 1 in Evocations
  7402 | D:6      | Reached skill level 7 in Fire Magic
  7625 | D:6      | Found a shadowy altar of Dithmenos.
  7646 | D:6      | Learned a level 1 spell: Apportation
  7717 | D:6      | Noticed tstbtto's ghost (novice MiCK)
  7728 | D:6      | Found a staircase to the Ecumenical Temple.
  7730 | D:6      | Found a faded altar to an unknown god.
  7737 | Temple   | Entered the Ecumenical Temple
  8028 | Temple   | Became a worshipper of Vehumet
  8273 | D:6      | Found a glowing golden altar of the Shining One.
  8973 | D:6      | Reached skill level 5 in Dodging
  9093 | D:7      | Gained mutation: You are partially covered in thin metallic scales. (AC +2) [mutagenic meat]
  9094 | D:7      | Gained mutation: You are partially covered in rough black scales. (AC +4, Dex -1) [mutagenic meat]
  9095 | D:7      | Gained mutation: You have a pair of small horns on your head. [mutagenic meat]
  9096 | D:7      | Gained mutation: You have an increased reservoir of magic. (+10% MP) [mutagenic meat]
  9128 | D:7      | Reached XP level 9. HP: 49/49 MP: 12/22
  9254 | D:7      | Learned a level 2 spell: Blink
  9475 | D:7      | Reached * piety under Vehumet
  9475 | D:7      | Offered knowledge of Shock by Vehumet.
  9479 | D:7      | Learned a level 1 spell: Shock
  9553 | D:7      | Found a sparkling altar of Nemelex Xobeh.
  9870 | D:7      | Noticed Pikel
  9883 | D:7      | Killed Pikel
  9883 | D:7      | Reached skill level 8 in Fire Magic
  9883 | D:7      | Reached skill level 1 in Air Magic
 10311 | D:7      | Found a stormy altar of Qazlal.
 10799 | D:7      | Got a transparent hunting sling
 10800 | D:7      | Identified the cursed +0 hunting sling "Aubergine" {venom, rC+ Stlth+} (You found it on level 7 of the Dungeon)
 11019 | D:5      | Bought a scroll of remove curse for 36 gold pieces
 11195 | D:8      | Found a sand-covered staircase.
 11203 | Ossuary  | Entered an ossuary
 11864 | D:8      | Got an ebony spear
 11865 | D:8      | Identified the cursed +1 spear "Grim" {flame, rElec rN+} (You found it on level 8 of the Dungeon)
 11993 | D:8      | Noticed Maurice
 12030 | D:8      | Killed Maurice
 12030 | D:8      | Reached skill level 5 in Conjurations
 12235 | D:8      | Found a bloodstained altar of Trog.
 12467 | D:8      | Reached XP level 10. HP: 56/56 MP: 25/25
 12609 | D:8      | Reached ** piety under Vehumet
 12609 | D:8      | Offered knowledge of Searing Ray by Vehumet.
 12705 | D:8      | Found a deep blue altar of Sif Muna.
 13211 | D:9      | Found Soruutiy's Magic Scroll Shop.
 13228 | D:9      | Bought a scroll of teleportation for 33 gold pieces
 13228 | D:9      | Bought a scroll of identify for 22 gold pieces
 13228 | D:9      | Bought a scroll of identify for 22 gold pieces
 13228 | D:9      | Bought a scroll of identify for 22 gold pieces
 13228 | D:9      | Bought a scroll of identify for 22 gold pieces
 13232 | D:9      | Gained mutation: Your mind is acute. (Int +2) [potion of mutation]
 13232 | D:9      | Gained mutation: You are clumsy. (Dex -2) [potion of mutation]
 13233 | D:9      | Gained mutation: You have a beak for a mouth. [potion of mutation]
 13233 | D:9      | Gained mutation: Your flesh is heat resistant. (rF+) [potion of mutation]
 13233 | D:9      | Gained mutation: Your body sometimes deteriorates upon taking damage. [potion of mutation]
 13274 | D:9      | Learned a level 2 spell: Repel Missiles
 13977 | D:9      | Reached skill level 9 in Fire Magic
 13996 | D:9      | Offered knowledge of Throw Frost by Vehumet.
 14046 | D:9      | Reached *** piety under Vehumet
 14239 | D:10     | Entered Level 10 of the Dungeon
 14537 | D:10     | Offered knowledge of Ignite Poison by Vehumet.
 14635 | D:10     | Learned a level 3 spell: Ignite Poison
 14741 | D:10     | Noticed a gargoyle
 14752 | D:10     | Killed a gargoyle
 14752 | D:10     | Reached skill level 5 in Short Blades
 14874 | D:10     | Found a staircase to the Lair.
 15042 | D:10     | Noticed Urug
 15056 | D:10     | Killed Urug
 15056 | D:10     | Reached skill level 5 in Evocations
 15056 | D:10     | Reached XP level 11. HP: 56/61 MP: 3/27
 15189 | D:10     | Noticed Nergalle
 15528 | D:10     | Noticed a spectral orc warlord
 15716 | D:10     | Noticed Joseph
 16098 | D:9      | Reached **** piety under Vehumet
 16451 | Lair:1   | Entered Level 1 of the Lair of Beasts
 16582 | Lair:1   | Offered knowledge of Bolt of Draining by Vehumet.
 16586 | Lair:1   | Reached skill level 10 in Fire Magic
 17854 | Lair:2   | Noticed a six-headed hydra
 17873 | Lair:2   | Killed a six-headed hydra
 18144 | Lair:1   | Reached skill level 5 in Armour
 18180 | Lair:1   | Reached skill level 5 in Fighting
 18762 | Lair:2   | Reached XP level 12. HP: 67/68 MP: 8/29
 18769 | Lair:2   | Learned a level 5 spell: Bolt of Draining
 19156 | Lair:2   | Reached skill level 11 in Fire Magic
 19600 | Lair:2   | Noticed a five-headed hydra
 19608 | Lair:2   | Killed a five-headed hydra
 19608 | Lair:2   | Reached skill level 5 in Air Magic
 20393 | Lair:3   | Noticed Rupert
 20424 | Lair:3   | Killed Rupert
 20522 | Lair:3   | Reached skill level 10 in Spellcasting
 20729 | Lair:3   | Found a staircase to the Snake Pit.
 20794 | Lair:3   | Noticed Sonja
 20804 | Lair:3   | Killed Sonja
 20804 | Lair:3   | Reached ***** piety under Vehumet
 20933 | Lair:3   | Noticed Snorg
 20950 | Lair:3   | Killed Snorg
 20950 | Lair:3   | Reached XP level 13. HP: 49/74 MP: 11/31
 21059 | Lair:3   | Offered knowledge of Fulminant Prism by Vehumet.
 21691 | Lair:3   | Got a faintly glowing bone ring
 21692 | Lair:3   | Identified the ring "Yjaseur" {Ice Dex+4} (You found it on level 3 of the Lair of Beasts)
 22301 | Lair:4   | Found a staircase to the Shoals.
 22309 | Lair:4   | Reached skill level 12 in Fire Magic
 22571 | Lair:4   | Got a steaming whip
 22575 | Lair:4   | Identified the +6 whip of the Secret Nights {freeze, MP+9 Dex+5} (You found it on level 4 of the Lair of Beasts)
 24060 | Lair:6   | Found a staircase to the Slime Pits.
 24330 | Lair:6   | Offered knowledge of Airstrike by Vehumet.
 24348 | Lair:6   | Learned a level 4 spell: Airstrike
 25121 | Lair:7   | Reached skill level 10 in Dodging
 25888 | D:10     | Killed Nergalle
 25888 | D:10     | Reached XP level 14. HP: 64/80 MP: 15/33
 25947 | D:10     | Killed Joseph
 26598 | D:11     | Found a runed door.
 26609 | D:11     | Found a runed door.
 27432 | D:12     | Offered knowledge of Iskenderun's Battlesphere by Vehumet.
 28077 | D:12     | Got an ancient trident
 28083 | D:12     | Found Zivaadd's Weapon Shop.
 28083 | D:12     | Found a staircase to the Orcish Mines.
 28729 | D:12     | Reached skill level 13 in Fire Magic
 28963 | D:13     | Lost mutation: You have a pair of small horns on your head. [potion of cure mutation]
 28963 | D:13     | Lost mutation: You are clumsy. (Dex -2) [potion of cure mutation]
 28963 | D:13     | Lost mutation: You are partially covered in rough black scales. (AC +4, Dex -1) [potion of cure mutation]
 28963 | D:13     | Lost mutation: You have an increased reservoir of magic. (+10% MP) [potion of cure mutation]
 28963 | D:13     | Lost mutation: Your flesh is heat resistant. (rF+) [potion of cure mutation]
 28963 | D:13     | Lost mutation: You are partially covered in thin metallic scales. (AC +2) [potion of cure mutation]
 29345 | D:13     | Noticed Nessos
 29543 | D:13     | Killed Nessos
 29604 | D:13     | Identified Umpesk's Collected Works on Congealing Malediction
 29607 | D:13     | Identified the cursed +1 trident of Coilo {pain, rN+ Int+3} (You found it on level 12 of the Dungeon)
 29912 | D:13     | Noticed Frances
 30099 | D:13     | Reached skill level 1 in Shields
 30179 | D:13     | Killed Frances
 30393 | D:14     | Found a gate to the Vaults.
 30393 | D:14     | Noticed Donald
 30464 | D:13     | Killed Donald
 31646 | D:14     | Offered knowledge of Bolt of Fire by Vehumet.
 32056 | D:14     | Learned a level 6 spell: Bolt of Fire
 32386 | D:15     | Entered Level 15 of the Dungeon
 32425 | D:15     | Got a crude bone ring
 32429 | D:15     | Identified the ring of Midwinter {+Inv AC+2} (You found it on level 15 of the Dungeon)
 32736 | Lair:7   | Reached XP level 15. HP: 85/85 MP: 22/32
 33588 | Lair:7   | Slain by an eight-headed hydra

Vault maps used:
D:1:      dpeg_arrival_rooms_a
D:2:      marbit_many_paths, roderic_ancient_swastika, serial_park_tiny_2,
          minmay_misc_feat_rows
D:4:      serial_shops, nicolae_shop_statue_plus
D:5:      old_standard_altar, serial_shops, nicolae_shop_trees,
          nicolae_shop_temple_entry_statues_fountains, kennysheep_little_box,
          first_bread
D:6:      kennysheep_mini, nicolae_dithmenos_shadow_blocks,
          nicolae_temple_entry_ecumenical, minmay_misc_feat_columns,
          minmay_misc_feat_pillars
D:7:      lemuel_coloured_pillars_altar, overflow_temple_1_default, uniq_pikel
D:8:      lemuel_crystal_altar, lemuel_doored_altar,
          chequers_ossuary_entry_cave, uniq_maurice
D:9:      serial_shops, nicolae_shop_crystal, david_nohive_1
D:10:     minmay_lair_entry_grove, uniq_nergalle, uniq_joseph, uniq_urug
D:11:     lemuel_insect_pit, minivault_20
D:12:     orc_david_3, grunt_decor_cap
D:13:     uniq_nessos, uniq_frances
D:14:     david_vaults_3, portal_ice_cave_entry_ice_beasts
D:15:     hangedman_spin_cycle
Temple:   hc_temple_tempest_star
Lair:2:   beast_lair_carwin_large_1, st_stairs_5, grunt_forest_stairs_clearing
Lair:3:   dragon1_lemuel, guppyfry_snake_entry_garden, minivault_24,
          infiniplex_staircase_pool, grunt_megastairs_4, serial_bayou_shore_b,
          serial_bayou_shore_b, uniq_rupert, uniq_sonja, uniq_snorg
Lair:4:   elwin_shoals_entry_rocks, lemuel_old_faithful,
          infiniplex_staircase_pool_2
Lair:5:   serial_bayou_pond_c
Lair:6:   nicolae_slime_entry_slimehenge
Lair:7:   serial_bayou_shore_b
Ossuary:  ossuary_crypta

Skill      XL: |  1  2  3  4  5  6  7  8  9 10 11 12 13 14 15 |
---------------+----------------------------------------------+-----
Fire Magic     | 4 5 6 7 8 9 10 11 12 13 | 13.8
Conjurations   | 2 3 4 5 6 7 8 9 |  9.8
Spellcasting   | 4 5 6 7 8 9 10 11 | 11.9
Fighting       | 1 2 3 4 5 6 7 |  7.3
Short Blades   | 1 2 3 4 5 6 7 8 |  8.0
Armour         | 1 2 3 4 5 6 7 |  7.4
Dodging        | 3 4 5 6 7 8 9 10 | 10.2
Evocations     | 2 3 5 7 8 9 |  9.1
Air Magic      | 2 3 4 5 7 9 |  9.2
Shields        | 2 |  2.5
Stealth        | |  2.4

Action                   |  1- 3 |  4- 6 |  7- 9 | 10-12 | 13-15 || total
-------------------------+-------+-------+-------+-------+-------++-------
Melee: Dagger            |       |    23 |   270 |       |    18 ||   311
       Spear             |       |       |   121 |   151 |       ||   272
       Headbutt          |       |       |    12 |    19 |     1 ||    32
       Staff             |       |       |       |    20 |    30 ||    50
       Peck              |       |       |       |     4 |     3 ||     7
Throw: Stone             |       |    10 |     2 |       |       ||    12
       Tomahawk          |       |       |    19 |     2 |       ||    21
 Cast: Flame Tongue      |    36 |    65 |   171 |   281 |   356 ||   909
       Throw Flame       |    25 |    52 |    52 |    94 |    75 ||   298
       Conjure Flame     |       |     2 |    13 |    12 |     5 ||    32
       Inner Flame       |       |     1 |     4 |     1 |     2 ||     8
       Sticky Flame      |       |     1 |    18 |    62 |    96 ||   177
       Fireball          |       |       |     3 |    19 |    53 ||    75
       Shock             |       |       |       |    63 |       ||    63
       Repel Missiles    |       |       |       |     1 |       ||     1
       Bolt of Draining  |       |       |       |    19 |    95 ||   114
       Airstrike         |       |       |       |       |    63 ||    63
       Bolt of Fire      |       |       |       |       |    36 ||    36
Evoke: Wand              |       |       |     3 |       |     7 ||    10
  Use: Scroll            |     6 |     3 |    17 |    25 |    28 ||    79
       Potion            |       |       |     2 |     7 |     4 ||    13
 Stab: Sleeping          |       |       |     2 |       |       ||     2
  Eat: Chunk             |     2 |     8 |     7 |    13 |    12 ||    42
       Fruit             |       |     3 |     3 |       |       ||     6
       Beef jerky        |       |     1 |       |       |     2 ||     3
       Pizza             |       |       |     2 |       |     3 ||     5
       Bread ration      |       |       |     4 |       |     7 ||    11
       Royal jelly       |       |       |       |     8 |       ||     8
       Meat ration       |       |       |       |     1 |       ||     1
Armor: Robe              |     1 |     5 |    87 |   113 |       ||   206
       Leather armour    |       |       |       |    24 |   132 ||   156
Dodge: Dodged            |     8 |    18 |   245 |   313 |   230 ||   814
       Deflected         |       |       |       |     9 |    12 ||    21
Block: Other             |       |       |       |       |     8 ||     8
       Shield            |       |       |       |       |     2 ||     2
